 Dungeon Crawl Stone Soup version 0.19.3-1-g3169bf9 (webtiles) character file.

77 ponk the Slasher (level 4, -1/35 HPs)
             Began as a Human Fighter on Jan 24, 2017.
             Was an Initiate of Makhleb.
             Killed by nerve-wracking pain
             ... invoked by Jessica
              (11 damage)
             ... on level 3 of the Dungeon.
             The game lasted 00:04:25 (1999 turns).

ponk the Slasher (Human Fighter)                    Turns: 1999, Time: 00:04:26

Health: -1/35      AC: 13    Str: 17    XL:     4   Next: 58%
Magic:  4/4        EV:  2    Int:  8    God:    Makhleb [......]
Gold:   112        SH:  9    Dex: 16    Spells: 0 memorised, 3 levels left

rFire  . . .     SeeInvis .     a - +1 long sword
rCold  . . .     Gourm    .     j - +1 plate armour
rNeg   . . .     Faith    .     c - +0 shield
rPois  .         Spirit   .     (no helmet)
rElec  .         Reflect  .     (no cloak)
rCorr  .         Harm     .     q - +0 pair of gloves
MR     .....                    (no boots)
Stlth  ..........               (no amulet)
                                g - ring of loudness (curse)
                                p - +3 ring of dexterity

@: no status effects
A: no striking features
a: Renounce Religion


You were on level 3 of the Dungeon.
You worshipped Makhleb.
Makhleb was noncommittal.
You were not hungry.

You visited 1 branch of the dungeon, and saw 3 of its levels.

You collected 112 gold pieces.

Inventory:

Hand Weapons
 a - a +1 long sword (weapon)
Missiles
 i - 16 poisoned needles
Armour
 c - a +0 shield (worn)
 j - a +1 plate armour (worn)
 q - a +0 pair of gloves (worn)
Jewellery
 b - an uncursed ring of protection from fire
 g - a cursed ring of loudness (right hand)
 p - a +3 ring of dexterity (left hand)
Scrolls
 h - a scroll of enchant weapon
Potions
 d - a potion of might
 e - 3 potions of haste
 k - a potion of flight
 o - a potion of brilliance
 r - 2 potions of lignification {unknown}
Comestibles
 f - a bread ration
 m - a slice of pizza
 n - a meat ration
 s - 2 chunks of flesh


   Skills:
 - Level 3.0 Fighting
 + Level 4.4 Long Blades
 - Level 3.0 Armour
 - Level 3.0 Shields


You had 3 spell levels left.
You didn't know any spells.

Dungeon Overview and Level Annotations

Branches:
Dungeon (3/15)

Altars:
Makhleb

Annotations:
D:3 Grinder, Jessica


Message History

Grinder hits you but does no damage. Grinder completely misses you.
Grinder gestures at you. Pain shoots through your body!
Grinder gestures at you. Pain shoots through your body!
Grinder hits you but does no damage. Jessica hits you but does no damage.
Grinder gestures at you. Pain shoots through your body!
You can move again.
Jessica grins evilly.
You closely miss Jessica. You block Jessica's attack.
You barely miss Jessica. Jessica hits you.
* * * LOW HITPOINT WARNING * * *
You hit Jessica but do no damage. Jessica hits you but does no damage.
Your plate armour prevents you from hitting Jessica.
Jessica casts a spell at you. Pain shoots through your body!
You die...

#.........#
+....?....+
#.........#
#.......#
#(....# #...#
#5#
##@######...
#.@.......#
#..#####..#
##...## #..#
##.....###..#
#..........#..#
.####......#..#
#.........#
#......#.##
#......<.#


You could see Grinder and Jessica.

Vanquished Creatures
  5 adders (D:2)
  A leopard gecko (D:1)
  4 bats
  4 giant cockroaches (D:1)
  3 goblins
  3 jackals (D:1)
  2 kobolds
  10 rats (D:1)
32 creatures vanquished.

Notes
Turn   | Place    | Note
-------+----------+-------------------------------------------
     0 | D:1      | ponk the Human Fighter began the quest for the Orb.
     0 | D:1      | Reached XP level 1. HP: 18/18 MP: 1/1
    66 | D:1      | Reached XP level 2. HP: 24/24 MP: 2/2
   304 | D:1      | Reached skill level 3 in Long Blades
   817 | D:1      | Reached XP level 3. HP: 28/29 MP: 3/3
  1322 | D:2      | Found a burning altar of Makhleb.
  1351 | D:2      | Became a worshipper of Makhleb the Destroyer
  1417 | D:2      | Reached skill level 4 in Long Blades
  1417 | D:2      | Reached XP level 4. HP: 8/35 MP: 4/4
  1982 | D:3      | Noticed Grinder
  1983 | D:3      | Noticed Jessica
  1987 | D:3      | Paralysed by Grinder for 7 turns
  1999 | D:3      | Killed from afar by Jessica

Skill      XL: |  1  2  3 |
---------------+----------+-----
Long Blades    | 3 4 |  4.4
Fighting       | |  3.0
Armour         | |  3.0
Shields        | |  3.0

Action                   |  1- 3 |  4- 6 || total
-------------------------+-------+-------++-------
Melee: Long sword        |    95 |    35 ||   130
  Use: Scroll            |     6 |     2 ||     8
  Eat: Chunk             |     2 |     2 ||     4
Armor: Scale mail        |     6 |       ||     6
       Plate armour      |    56 |    34 ||    90
Dodge: Dodged            |    14 |     4 ||    18
Block: Shield            |    51 |    27 ||    78
       Rpst.: Long sword |     7 |     1 ||     8
